 Dungeon Crawl Stone Soup version 0.26-a0-639-g72c4674329 (webtiles) character file.

Game seed: 17033152961699646720

389 Flugslaktarn the Skirmisher (level 6, -1/57 HPs)
             Began as a Minotaur Fighter on Sept 20, 2020.
             Slain by an orc
             ... wielding a +0 dagger
              (3 damage)
             ... on level 4 of the Dungeon.
             The game lasted 00:00:51 (1299 turns).

Flugslaktarn the Skirmisher (Minotaur Fighter)      Turns: 1299, Time: 00:00:52

Health: -1/57      AC:  7    Str: 23    XL:     6   Next: 50%
Magic:  5/5        EV:  7    Int:  5    God:
Gold:   24         SH: 10    Dex:  9    Spells: 5/5 levels left

rFire    + . .     SeeInvis .   a - +0 war axe
rCold    + . .     Faith    .   c - +0 kite shield
rNeg     . . .     Spirit   .   b - +0 scale mail
rPois    +         Reflect  .   (helmet restricted)
rElec    +         Harm     .   (no cloak)
rCorr    +         Rampage  .   (no gloves)
MR       .....                  (no boots)
Stlth    ..........             (no amulet)
HPRegen  0.19/turn              (no ring)
MPRegen  0.09/turn              (no ring)

@: mighty, resistant
A: retaliatory headbutt, horns 2
a: no special abilities


You were on level 4 of the Dungeon.
You visited 1 branch of the dungeon, and saw 4 of its levels.

You collected 24 gold pieces.

Inventory:

Hand Weapons
 a - a +0 war axe (weapon)
Armour
 b - a +0 scale mail (worn)
 c - a +0 kite shield (worn)
Jewellery
 l - an uncursed ring of fire {unknown}
   (You found it on level 3 of the Dungeon)
Scrolls
 e - a scroll of remove curse {unknown}
 g - 3 scrolls of identify {unknown}
 h - a scroll of random uselessness {unknown}
 j - a scroll of teleportation {unknown}
 k - a scroll of fear {unknown}


   Skills:
 * Level 5.9 Fighting
 * Level 5.2 Axes
 + Level 4.8 Armour
 + Level 4.8 Shields


You had 5 spell levels left.
You didn't know any spells.
Your spell library was empty.

Dungeon Overview and Level Annotations

Branches:
Dungeon (4/15)
 Temple: D:4-7

Altars:


Innate Abilities, Weirdness & Mutations

You reflexively headbutt those who attack you in melee.
You have a pair of horns on your head.


Message History

* * * LOW HITPOINT WARNING * * *
You barely miss the orc priest. You hit the orc. You hit Sigmund.
You kill Sigmund!
Your Axes skill increases to level 5!
You have reached level 6!
Your experience leads to an increase in your attributes!
Increase (s)trength, (i)ntelligence, or (d)exterity?
You feel stronger. The orc hits you but does no damage.
The orc priest casts a cantrip, but nothing happens.
You hit the orc priest. Your headbutt misses the orc priest.
The orc priest is heavily wounded.
You completely miss the orc. You block the orc's attack.
The orc priest hits you but does no damage.
You completely miss the orc priest. Your headbutt misses the orc priest.
The orc priest is heavily wounded.
You closely miss the orc. You block the orc's attack.
The orc priest hits you but does no damage.
The orc hits you with a +0 dagger.
You die...

....#####
#.#......
..#.###
#.#####..
...... #.##
.....### ...# #
#...... .#.#
#.##....# ...#
#.#....$# #.##
#. #..o))..#
#.# #. #
#)@o..# #.#
#.###.####....#
..#
#..........##.#
###
#..#####.### #
#..# #.####.#
#..# #......#
#####.#
#.######
#.....#####.#
#.###.......#


You could see an orc priest and an orc.

Vanquished Creatures
  Sigmund (D:4)
  An orc priest (D:3)
  An orc wizard (D:3)
  2 worker ants (D:2)
  Terence (D:2)
  4 adders
  2 worms
  3 leopard geckos
  14 orcs
  4 goblins
  6 hobgoblins
  2 jackals (D:2)
  2 kobolds (D:3)
  2 quokkas
  2 bats
  2 frilled lizards (D:4)
  2 quokka skeletons
  3 rats
54 creatures vanquished.

Notes
Turn   | Place    | Note
-------+----------+-------------------------------------------
     0 | D:1      | Flugslaktarn the Minotaur Fighter began the quest for the
                  | Orb.
     0 | D:1      | Reached XP level 1. HP: 19/19 MP: 0/0
   149 | D:2      | Reached XP level 2. HP: 27/27 MP: 1/1
   174 | D:2      | Reached XP level 3. HP: 25/34 MP: 2/2
   339 | D:2      | Reached XP level 4. HP: 34/41 MP: 3/3
   529 | D:2      | Noticed Terence
   538 | D:2      | Killed Terence
   794 | D:3      | Reached skill level 5 in Fighting
   794 | D:3      | Reached XP level 5. HP: 44/48 MP: 4/4
  1280 | D:4      | Noticed Sigmund
  1295 | D:4      | HP: 1/48 [Sigmund/puff of flame (2)]
  1297 | D:4      | Killed Sigmund
  1297 | D:4      | Reached skill level 5 in Axes
  1297 | D:4      | Reached XP level 6. HP: 1/57 MP: 5/5
  1299 | D:4      | Slain by an orc

Illustrated notes

Levels and vault maps discovered:
D:1:      dpeg_arrival_yet_another_circle, layout_loops_corners
D:2:      minmay_recursive_quarters, layout_rooms, chequers_garden,
          minmay_between, uniq_terence
D:3:      layout_rooms
D:4:      layout_loops_ring, minmay_temple_entry_glassed_door, serial_shops,
          kennysheep_little_box, portal_sewer_entry_a, uniq_sigmund

Skill      XL: |  1  2  3  4  5 |
---------------+----------------+-----
Fighting       | 4 5 |  5.9
Axes           | 3 4 5 |  5.2
Armour         | 4 |  4.8
Shields        | 4 |  4.8

Action                   |  1- 3 |  4- 6 || total
-------------------------+-------+-------++-------
Melee: War axe           |    44 |    93 ||   137
       Headbutt          |     8 |    13 ||    21
  Use: Potion            |       |     3 ||     3
Armor: Scale mail        |    17 |    44 ||    61
Dodge: Dodged            |    21 |    28 ||    49
Block: Kite shield       |    32 |    64 ||    96

Table legend: (Time is in decaauts)
 A = Elapsed time spent in this place.
 B = Non-inter-level travel time spent in this place.
 C = Inter-level travel time spent in this place.
 D = Time resting spent in this place.
 E = Time spent auto-exploring this place.
 F = Levels seen in this place.
 G = Mean time per level.
                   A        B        C        D        E       F      G
               +--------+--------+--------+--------+--------+-----+--------+
         Total |   1351 |   1318 |     33 |    353 |    663 |   4 |  337.8 |
       Dungeon |   1351 |   1318 |     33 |    353 |    663 |   4 |  337.8 |
               +--------+--------+--------+--------+--------+-----+--------+

Top non-repeatable levels by time:
     D:2: 657 daAuts
     D:3: 398 daAuts
     D:4: 179 daAuts
     D:1: 116 daAuts
